 Dungeon Crawl Stone Soup version 0.28.0-53-g5a82cb258f (webtiles) character file.

Game seed: 14958885900808936669

39 Infinimo the Skirmisher (level 3, -1/37 HPs)
             Began as an Ogre Gladiator on May 28, 2022.
             Slain by a goblin
             ... wielding a +0 club
              (3 damage)
             ... on level 2 of the Dungeon.
             The game lasted 00:01:22 (1335 turns).

Infinimo the Skirmisher (Ogre Gladiator)            Turns: 1335, Time: 00:01:22

Health: -1/37      AC:  4    Str: 20    XL:     3   Next: 45%
Magic:  3/3        EV: 10    Int:  9    God:
Gold:   28         SH:  0    Dex: 10    Spells: 2/2 levels left

rFire   . . .      SeeInvis .   a - +0 flail (freeze)
rCold   . . .      Faith    .   (no shield)
rNeg    . . .      Spirit   .   b - +0 robe
rPois   .          Reflect  .   c - +0 hat
rElec   .          Harm     .   h - +0 cloak
rCorr   .          Rampage  .   (gloves unavailable)
Will    .....                   (boots unavailable)
Stlth   +.........              (no amulet)
HPRegen 0.12/turn               (no ring)
MPRegen 0.08/turn               (no ring)

@: lethally poisoned (-1 -> -7)
A: large, unfitting armour, tough skin 1
a: no special abilities


You were on level 2 of the Dungeon.
You visited 1 branch of the dungeon, and saw 2 of its levels.

You collected 59 gold pieces.
You spent 31 gold pieces at shops.

Inventory:

Hand Weapons
 a - a +0 flail of freezing (weapon)
Missiles
 d - 3 throwing nets (quivered)
 g - 2 poisoned darts
Armour
 b - a +0 robe (worn)
 c - a +0 hat (worn)
 h - a +0 cloak (worn)
Jewellery
 f - a +6 ring of dexterity
Scrolls
 i - 2 scrolls of torment


   Skills:
 + Level 3.6 Fighting
 * Level 3.6 Maces & Flails
 - Level 2.0 Throwing
 - Level 2.6 Dodging


You had 2 spell levels left.
You didn't know any spells.
Your spell library contained the following spells:

 Spells                   Type           Power      Damage    Failure   Level
 Sandblast                Erth           0%         2d4       38%         1
 Passwall                 Tmut/Erth      0%         N/A       52%         2
 Stone Arrow              Conj/Erth      0%         3d7       77%         3


Dungeon Overview and Level Annotations

Branches:
Dungeon (2/15)

Altars:

Shops:
D:1 :[*   D:2 *


Innate Abilities, Weirdness & Mutations

You are too large for most types of armour.
You have tough skin. (AC +1)


Message History

You are poisoned.
The adder poisons you! The adder bites you.
You are more poisoned.
The adder poisons you!
You feel very sick.
You feel sick.
You barely miss the adder.
The adder is severely wounded.
You feel sick. The adder barely misses you. The adder bites you.
You are more poisoned.
The adder poisons you!
You miss the adder.
The adder is severely wounded.
You feel very sick. The adder bites you.
You are more poisoned.
The adder poisons you! The adder bites you.
You are lethally poisoned!
The adder poisons you!
You hit the adder. You freeze the adder.
You kill the adder!
You feel very sick.
Unknown command.
You aren't carrying any potions.
You closely miss the hobgoblin.
* * * LOW HITPOINT WARNING * * *
You feel very sick.
You hit the goblin. You freeze the goblin.
The goblin is severely wounded.
* * * LOW HITPOINT WARNING * * *
You feel very sick. The hobgoblin misses you.
The goblin hits you with a +0 club.
* * * LOW HITPOINT WARNING * * *
The hobgoblin closely misses you.
You completely miss the goblin.
The goblin is severely wounded.
* * * LOW HITPOINT WARNING * * *
You feel very sick. The goblin hits you with a +0 club.
You die...

#.##......... ..#.........
##.#.g......# ............
#.......... #..........
#.g.g...... ##g##+#....
#g@#.# . ##.#.# #######...#
..# #.........# ..#
####.###..# ..)#
########+###..# ...#
#.........###.#....#
#.........# #.#....# #.# #.
#.........###......###.##.#.


You could see a hobgoblin and 2 goblins.

Vanquished Creatures
  2 adders (D:2)
  A dart slug (D:1)
  2 endoplasms (D:1)
  A giant cockroach (D:1)
  2 goblins (D:1)
  2 hobgoblins (D:1)
  2 ball pythons
  A bat (D:1)
  4 frilled lizards
  2 kobolds (D:1)
  2 rats
21 creatures vanquished.

Vanquished Creatures (others)
  A plant (D:1)
1 creature vanquished.

Grand Total: 22 creatures vanquished

Notes
Turn   | Place    | Note
-------+----------+-------------------------------------------
     0 | D:1      | Infinimo the Ogre Gladiator began the quest for the Orb.
     0 | D:1      | Reached XP level 1. HP: 22/22 MP: 1/1
   146 | D:1      | Found Sisaidot's Weapon Shoppe.
   169 | D:1      | Reached XP level 2. HP: 20/31 MP: 2/2
   490 | D:1      | Found Riogoruam's Assorted Antiques.
   509 | D:1      | Found Got Puto's Antique Armour Boutique.
   518 | D:1      | Found Kaemiyrgh's Book Shoppe.
   645 | D:1      | Found a faded altar of an unknown god.
  1058 | D:2      | Reached XP level 3. HP: 32/37 MP: 3/3
  1152 | D:2      | Found Luilull's Assorted Antiques.
  1160 | D:2      | Bought a scroll labelled OSAOKHL AHUTUEN for 31 gold pieces
  1335 | D:2      | Slain by a goblin

Illustrated notes

Levels and vault maps discovered:
D:1:      roderic_dead_forest, layout_loops_cross,
          shapermc_ecumenical_altar_mp_highgroup, serial_shops,
          nicolae_shop_stone, shop, nicolae_shop_stone, nicolae_shop_stone,
          minmay_misc_feat_x, serial_bayou_pond_c, minmay_pentomino_u4
D:2:      layout_basic, serial_shops, shop

Skill      XL: |  1 |
---------------+----+-----
Fighting       | 3 |  3.6
Maces & Flails | 3 |  3.6
Throwing       | |  2.0
Dodging        | |  2.6

Action                   || total
-------------------------++-------
Melee: Flail             ||    61
  Use: Scroll            ||     3
 Stab: Sleeping          ||     2
Armor: Robe              ||    17
Dodge: Dodged            ||    30
